 Dungeon Crawl Stone Soup version 0.28.0-43-g3370ac3207 (webtiles) character file.

Game seed: 11195373844759990532

42 terff the Covered (level 3, 0/29 HPs)
             Began as a Human Fighter on Mar 25, 2022.
             Slain by a gnoll
             ... wielding a +0 spear
              (3 damage)
             ... on level 2 of the Dungeon.
             The game lasted 00:01:47 (1369 turns).

terff the Covered (Human Fighter)                   Turns: 1369, Time: 00:01:47

Health: 0/29       AC:  6    Str: 18    XL:     3   Next: 77%
Magic:  3/3        EV:  9    Int:  8    God:
Gold:   33         SH:  4    Dex: 12    Spells: 2/2 levels left

rFire   . . .      SeeInvis .   a - +0 long sword
rCold   . . .      Faith    .   c - +0 buckler
rNeg    . . .      Spirit   .   b - +0 scale mail
rPois   .          Reflect  .   (no helmet)
rElec   .          Harm     .   (no cloak)
rCorr   .          Rampage  .   (no gloves)
Will    .....                   (no boots)
Stlth   ..........              (no amulet)
HPRegen 0.09/turn               (no ring)
MPRegen 0.08/turn               (no ring)

@: mighty
A: no striking features
a: no special abilities


You were on level 2 of the Dungeon.
You visited 1 branch of the dungeon, and saw 2 of its levels.

You collected 33 gold pieces.

Inventory:

Hand Weapons
 a - a +0 long sword (weapon)
Missiles
 e - a throwing net (quivered)
Armour
 b - a +0 scale mail (worn)
 c - a +0 buckler (worn)


   Skills:
 + Level 3.3 Fighting
 + Level 2.8 Long Blades
 + Level 3.4 Armour
 + Level 3.1 Shields


You had 2 spell levels left.
You didn't know any spells.
Your spell library was empty.

Dungeon Overview and Level Annotations

Branches:
Dungeon (2/15)

Altars:


Message History

There is an open door here.
There is a stone staircase leading down here.
You climb downwards.
There is a stone staircase leading up here.
You open the door.
There is an open door here.
You open the door.
There is an open door here. 4 gnolls come into view.
Found a book of Callings.
The gnoll shouts! x2
The gnoll hits you but does no damage.
The gnoll hits you from afar with a +0 spear.
The gnoll hits you but does no damage.
The gnoll hits you from afar with a +0 spear.
You barely miss the gnoll. The gnoll hits you with a +0 halberd!
The gnoll barely misses you.
You slash the gnoll!
The gnoll is severely wounded.
The gnoll barely misses you. You block the gnoll's attack.
You barely miss the gnoll.
The gnoll is severely wounded.
You block the gnoll's attack. The gnoll hits you but does no damage.
The gnoll barely misses you. x2
You slash the gnoll!
You kill the gnoll!
You block the gnoll's attack. The gnoll hits you with a +0 spear.
The gnoll completely misses you.
You see here a +0 halberd.
The gnoll hits you from afar with a +0 spear.
You feel very mighty all of a sudden.
The gnoll hits you from afar with a +0 spear.
* * * LOW HITPOINT WARNING * * *
The gnoll misses you. The gnoll barely misses you.
You slash the gnoll!
The gnoll is heavily wounded.
The gnoll hits you but does no damage. The gnoll hits you with a +0 spear.
* * * LOW HITPOINT WARNING * * *
The gnoll hits you from afar with a +0 spear.
You die...

.......#.....#
#....g..#
##.###### #)# #.#
#g# #... #g#
#...##g##
#...##.@#
#...###.# #...#
#.## #...# #..# .
##...####.###....
#....'...........
#....#####.......
#....'...#.......
#....###.#.##....


You could see 3 gnolls.

Vanquished Creatures
  A gnoll (D:2)
  4 bats (D:1)
  3 endoplasms (D:1)
  A giant cockroach (D:1)
  5 goblins (D:1)
  2 hobgoblins (D:1)
  2 kobolds (D:1)
  7 ball pythons (D:1)
  A frilled lizard (D:1)
  5 rats (D:1)
31 creatures vanquished.

Vanquished Creatures (others)
  A demonic plant (D:1)
  A fungus (D:1)
  2 plants (D:1)
4 creatures vanquished.

Grand Total: 35 creatures vanquished

Notes
Turn   | Place    | Note
-------+----------+-------------------------------------------
     0 | D:1      | terff the Human Fighter began the quest for the Orb.
     0 | D:1      | Reached XP level 1. HP: 18/18 MP: 1/1
   123 | D:1      | Reached XP level 2. HP: 24/24 MP: 2/2
   619 | D:1      | Found a faded altar of an unknown god.
   700 | D:1      | Reached XP level 3. HP: 17/29 MP: 3/3
  1369 | D:2      | Slain by a gnoll

Illustrated notes

Levels and vault maps discovered:
D:1:      nicolae_arrival_memento_mori, layout_loops_corners,
          shapermc_ecumenical_altar_gd, minmay_tiny_reverse_x
D:2:      layout_basic

Action                   || total
-------------------------++-------
Melee: Long sword        ||    82
  Use: Potion            ||     1
Armor: Scale mail        ||    55
Dodge: Dodged            ||    46
Block: Buckler           ||    26
